 Dungeon Crawl Stone Soup version 0.30-a0-170-g85af917532 (webtiles) character file.

Game seed: 13098842867885197886

249 qw the Chopper (level 6, -3/39 HPs)
             Began as a Gargoyle Fighter on Sept 30, 2022.
             Slain by a gnoll bouda
             ... wielding a +0 club
              (7 damage)
             ... on level 4 of the Dungeon.
             The game lasted 00:01:06 (3422 turns).

qw the Chopper (Gargoyle Fighter)                   Turns: 3422, Time: 00:01:06

Health: -3/39      AC: 15    Str: 21    XL:     6   Next: 12%
Magic:  6/6        EV:  5    Int:  9    God:
Gold:   158        SH:  4    Dex:  9    Spells: 5/5 levels left

rFire   . . .      SeeInvis .    Y - +0 war axe
rCold   . . .      Faith    .    c - +0 buckler
rNeg    + . .      Spirit   .    n - +0 plate armour
rPois   inf        Reflect  .    (no helmet)
rElec   +          Harm     .    (no cloak)
rCorr   .          Rampage  .    (no gloves)
Will    .....                    (no boots)
Stlth   ..........               (no amulet)
HPRegen 0.13/turn                (no ring)
MPRegen 0.10/turn                (no ring)

@: weakened
A: sickness immunity, AC +4, negative energy resistance 1, electricity
resistance, torment resistance 1, petrification resistance
a: no special abilities


You were on level 4 of the Dungeon.
You visited 1 branch of the dungeon, and saw 4 of its levels.

You collected 158 gold pieces.


Innate Abilities, Weirdness & Mutations

You are immune to sickness and miasma.
Your stone body is resilient. (AC +4)
You are immune to poison.
You resist negative energy. (rN+)
You are resistant to electric shocks. (rElec)
You are resistant to unholy torment.
You are immune to petrification.


   Skills:
 - Level 4.5 Fighting
 + Level 5.0 Axes
 - Level 3.2 Armour
 - Level 3.2 Shields


You had 5 spell levels left.
You didn't know any spells.
Your spell library was empty.

Inventory:

Hand Weapons
 k - a +0 flail
 Y - a +0 war axe (weapon)
Armour
 c - a +0 buckler (worn)
 n - a +0 plate armour (worn)
Scrolls
 a - a scroll of identify
 b - a scroll of poison {unknown}
Potions
 d - 4 potions of might
 f - a potion of curing
 h - a potion of lignification {unknown}
 i - a potion of brilliance {unknown}
 j - a potion of degeneration {unknown}
 l - a potion of cancellation
 m - a potion of mutation {unknown}

Dungeon Overview and Level Annotations

Branches:
Dungeon (4/15)
 Temple: D:4-7

Altars:
Makhleb
Qazlal


Message History

You hear a shout!
You slash the ogre!
The ogre is heavily wounded.
You hit the gnoll bouda.
A gnoll comes into view. It is wielding a +0 spear.
You hit the ogre.
The ogre is severely wounded.
You slash the gnoll!
You kill the gnoll!
You closely miss the gnoll bouda.
The gnoll bouda hits you but does no damage.
You block the ogre's attack.
The gnoll hits you from afar with a +0 spear.
The gnoll closely misses you.
The gnoll bouda hits you but does no damage.
The gnoll hits you but does no damage.
Your Axes skill increases to level 5!
You hit the ogre but do no damage.
The ogre is severely wounded.
You closely miss the gnoll bouda. You block the ogre's attack.
The gnoll hits you but does no damage.
The gnoll bouda hits you but does no damage.
The gnoll hits you but does no damage. x2
You slash the ogre!
You kill the ogre!
You slash the gnoll! You hit the gnoll bouda. The gnoll barely misses you.
The gnoll bouda gazes fiercely through you!
You feel your attacks grow feeble.
The gnoll bouda hits you with a +0 club.
You block the gnoll's attack.
The gnoll hits you from afar with a +0 spear.
Your Fighting skill increases to level 4!
You have reached level 6!
You slash the gnoll!
You kill the gnoll!
You completely miss the gnoll bouda.
The gnoll hits you from afar with a +0 spear.
The gnoll bouda hits you with a +0 club!
You die...

#...........##.....
###...###).........
..#....##..........
.......#...........
##.................
#...............g.
#.........g....g..
...........#..O..g.
........)@###......
#.......)g)##.....#
...##......g..g...#
### #..............
#..#........!...
....##..........#
.... ###........#
#. #.........
#.....$...


You could see a gnoll bouda and 2 gnolls.

Vanquished Creatures
  An ogre (D:4)
  5 gnolls
  7 adders
  3 worms (D:2)
  2 orcs (D:4)
  2 ball pythons (D:2)
  2 bats
  6 endoplasms
  3 giant cockroaches
  5 goblins
  6 hobgoblins
  6 kobolds
  4 quokkas
  4 frilled lizards
  2 rats
58 creatures vanquished.

Notes
Turn   | Place    | Note
-------+----------+-------------------------------------------
     0 | D:1      | qw the Gargoyle Fighter began the quest for the Orb.
     0 | D:1      | Reached XP level 1. HP: 14/14 MP: 1/1
     0 | D:1      | 0 ||| qw: Version: 0.2-a-12-gaebbb33
     0 | D:1      | 0 ||| qw: Game counter: 1574
     0 | D:1      | 0 ||| qw: Always use a shield: true
     0 | D:1      | 0 ||| qw: God list: Okawaru
     0 | D:1      | 0 ||| qw: Allow faded altars: false
     0 | D:1      | 0 ||| qw: Do Orc after D:15 true
     0 | D:1      | 0 ||| qw: Do second Lair branch before Depths: true
     0 | D:1      | 0 ||| qw: Lair rune preference: random
     0 | D:1      | 0 ||| qw: Plans: Normal, Zot:1-4, God:TSO, Crypt, Tomb,
                  | Pan, Slime:5, Hells, Abyss, Orb
     0 | D:1      | 0 ||| PLANNING D:1-11
   114 | D:1      | Reached skill level 2 in Axes
   509 | D:1      | Reached XP level 2. HP: 17/19 MP: 2/2
  1104 | D:1      | 1104 ||| READING 2 scrolls labelled UQY YTOGRAER.
  1190 | D:2      | Found a faded altar of an unknown god.
  1359 | D:2      | Reached skill level 3 in Axes
  1414 | D:2      | Found a stormy altar of Qazlal.
  1515 | D:2      | Reached XP level 3. HP: 18/23 MP: 3/3
  1624 | D:2      | 1624 ||| Stepping ~*~*~tactically~*~*~ (stealth).
  1636 | D:2      | Reached XP level 4. HP: 23/28 MP: 4/4
  1637 | D:2      | Reached skill level 4 in Axes
  1705 | D:2      | 1705 ||| DROPPING +0 mace.
  2266 | D:2      | 2266 ||| READING 2 scrolls labelled ITORUSMOUGO.
  2267 | D:2      | 2267 ||| READING scroll labelled QEZXI QAXEMA.
  2268 | D:2      | 2268 ||| READING scroll labelled PAWKUVENGUR.
  2269 | D:2      | 2269 ||| DROPPING scroll of amnesia.
  2309 | D:3      | 2309 ||| STAIRDANCE
  2407 | D:3      | 2407 ||| Stepping ~*~*~tactically~*~*~ (stealth).
  2408 | D:3      | 2408 ||| Stepping ~*~*~tactically~*~*~ (stealth).
  2410 | D:3      | 2410 ||| Stepping ~*~*~tactically~*~*~ (stealth).
  2411 | D:3      | 2411 ||| Stepping ~*~*~tactically~*~*~ (stealth).
  2433 | D:3      | Reached XP level 5. HP: 29/32 MP: 5/5
  2648 | D:3      | Found a burning altar of Makhleb.
  3025 | D:3      | 3025 ||| UPGRADING to +0 plate armour.
  3035 | D:3      | 3035 ||| DROPPING +0 scale mail.
  3036 | D:3      | 3036 ||| READING scroll labelled XEUGRIULIE.
  3040 | D:3      | 3040 ||| READING scroll labelled NARURPH HADU.
  3041 | D:3      | 3041 ||| DRINKING 2 yellow potions.
  3042 | D:3      | 3042 ||| READING 2 scrolls of identify.
  3042 | D:3      | 3042 ||| IDENTIFYING amethyst potion
  3071 | D:3      | 3071 ||| STAIRDANCE
  3075 | D:3      | 3075 ||| STAIRDANCE
  3079 | D:3      | 3079 ||| STAIRDANCE
  3083 | D:3      | 3083 ||| STAIRDANCE
  3087 | D:3      | 3087 ||| STAIRDANCE
  3091 | D:3      | 3091 ||| STAIRDANCE
  3095 | D:3      | 3095 ||| STAIRDANCE
  3099 | D:3      | 3099 ||| STAIRDANCE
  3103 | D:3      | 3103 ||| STAIRDANCE
  3107 | D:3      | 3107 ||| STAIRDANCE
  3111 | D:3      | 3111 ||| STAIRDANCE
  3115 | D:3      | 3115 ||| STAIRDANCE
  3119 | D:3      | 3119 ||| STAIRDANCE
  3123 | D:3      | 3123 ||| STAIRDANCE
  3127 | D:3      | 3127 ||| STAIRDANCE
  3131 | D:3      | 3131 ||| STAIRDANCE
  3135 | D:3      | 3135 ||| STAIRDANCE
  3139 | D:3      | 3139 ||| STAIRDANCE
  3143 | D:3      | 3143 ||| STAIRDANCE
  3345 | D:4      | 3345 ||| Stepping ~*~*~tactically~*~*~ (stealth).
  3346 | D:4      | 3346 ||| Stepping ~*~*~tactically~*~*~ (stealth).
  3383 | D:4      | 3383 ||| Stepping ~*~*~tactically~*~*~ (stealth).
  3389 | D:4      | 3389 ||| Stepping ~*~*~tactically~*~*~ (stealth).
  3400 | D:4      | Noticed an ogre
  3401 | D:4      | 3401 ||| Stepping ~*~*~tactically~*~*~ (stealth).
  3403 | D:4      | 3403 ||| Stepping ~*~*~tactically~*~*~ (stealth).
  3409 | D:4      | 3409 ||| Stepping ~*~*~tactically~*~*~ (hiding).
  3410 | D:4      | 3410 ||| Stepping ~*~*~tactically~*~*~ (hiding).
  3413 | D:4      | 3413 ||| Stepping ~*~*~tactically~*~*~ (hiding).
  3419 | D:4      | HP: 8/32 [gnoll/+0 spear[a gnoll bouda] (1)]
  3420 | D:4      | Reached skill level 5 in Axes
  3421 | D:4      | Killed an ogre
  3422 | D:4      | Reached XP level 6. HP: 7/39 MP: 6/6
  3422 | D:4      | Slain by a gnoll bouda

Levels and vault maps discovered:
D:1:      dpeg_arrival_chambers_temple_mockup, layout_basic
D:2:      minmay_recursive_quarters, layout_basic,
          hellmonk_ecumenical_altar_blasted, basic_altar
D:3:      layout_rooms, mainiacjoe_overflow_paths, minmay_cut_off
D:4:      layout_cave_pools, mainiacjoe_overflow_catwalk,
          nicolae_tso_swordbearing_angel, serial_shops, nicolae_shop_trees

Skill      XL: |  1  2  3  4  5 |
---------------+----------------+-----
Axes           | 2 3 4 5 |  5.0
Fighting       | 4 |  4.5
Armour         | |  3.2
Shields        | |  3.2

Action                   |  1- 3 |  4- 6 || total
-------------------------+-------+-------++-------
Melee: War axe           |    66 |   115 ||   181
  Use: Scroll            |     1 |     6 ||     7
       Potion            |       |     1 ||     1
Armor: Scale mail        |    28 |    37 ||    65
       Plate armour      |       |    25 ||    25
Dodge: Dodged            |    28 |    39 ||    67
Block: Buckler           |     9 |    23 ||    32

Table legend:
 A = Non-vault XP
 B = Vault XP
 C = Vault XP percentage of total XP
 D = Non-vault monster count
 E = Vault monster count
 F = Vault count percentage of total count
                 A         B        C        D         E       F
            +---------+---------+-------+---------+---------+-------
      Total |     346 |      25 |   6.7 |      50 |       8 |  13.8
            +---------+---------+-------+---------+---------+-------
        D:1 |      22 |       0 |   0.0 |      12 |       0 |   0.0
        D:2 |      84 |      22 |  20.8 |      14 |       6 |  30.0
        D:3 |      55 |       3 |   5.2 |      12 |       2 |  14.3
        D:4 |     185 |       0 |   0.0 |      12 |       0 |   0.0
            +---------+---------+-------+---------+---------+-------
